HSSL
TEMISKAMING DISTRICT SECONDARY SCHOOL SAINTS @ JEFFERSONVILLE-YOUNGSVILLE CENTRAL HS TROJANS
05/10/2029
 
TOP OF THE 1ST
Temiskaming District Secondary School Saints batting - Pitching for Jeffersonville-Youngsville Central HS Trojans : RHP Russ Hammond
Pitching: RHP Russ Hammond
Batting: RHB José Icaza 0-0: Ball
1-0: Ball
2-0: Swinging Strike
2-1: Foul Ball, location: 2F
2-2: Foul Ball, location: 2F
2-2: Ground out 4-3 (Groundball, 4M)
Batting: LHB Juan Esparza 0-0: Ball
1-0: Ground out 4-3 (Groundball, 4)
Batting: RHB Hilton Knowles 0-0: Called Strike
0-1: Ball
1-1: Ball
2-1: Foul Ball, location: 2F
2-2: SINGLE (Flyball, 7S)
Batting: LHB Leonardo Torres 0-0: Swinging Strike
0-1: Ball
1-1: Ball
2-1: Called Strike
2-2: Strikes out looking
Top of the 1st over - 0 runs, 1 hit, 0 errors, 1 left on base; Temiskaming District Secondary School 0 - Jeffersonville-Youngsville Central HS 0
BOTTOM OF THE 1ST
Jeffersonville-Youngsville Central HS Trojans batting - Pitching for Temiskaming District Secondary School Saints : RHP Porter Fleming
Pitching: RHP Porter Fleming
Batting: RHB José Rocha 0-0: Ground out 5-3 (Groundball, 56)
Batting: LHB Tomás Mata 0-0: Foul Ball, location: 2F
0-1: Foul Ball, location: 2F
0-2: Ball
1-2: Ground out 6-3 (Groundball, 6M)
Batting: LHB Tony Chávez 0-0: Swinging Strike
0-1: Called Strike
0-2: Ball
1-2: Strikes out swinging
Bottom of the 1st over - 0 runs, 0 hits, 0 errors, 0 left on base; Temiskaming District Secondary School 0 - Jeffersonville-Youngsville Central HS 0
TOP OF THE 2ND
Temiskaming District Secondary School Saints batting - Pitching for Jeffersonville-Youngsville Central HS Trojans : RHP Russ Hammond
Batting: LHB Carson Dickinson 0-0: Called Strike
0-1: Ball
1-1: Foul Ball, location: 2F
1-2: Foul Ball, location: 2F
1-2: Ball
2-2: Strikes out swinging
Batting: RHB Louis-Joseph Perrier 0-0: Called Strike
0-1: Foul Ball, location: 2F
0-2: Ball
1-2: Foul Ball, location: 2F
1-2: Ball
2-2: Fly out, F8 (Flyball, 89D)
Batting: RHB Scott Roberts 0-0: Ball
1-0: Ball
2-0: Foul Ball, location: 2F
2-1: Foul Ball, location: 2F
2-2: Strikes out looking
Top of the 2nd over - 0 runs, 0 hits, 0 errors, 0 left on base; Temiskaming District Secondary School 0 - Jeffersonville-Youngsville Central HS 0
BOTTOM OF THE 2ND
Jeffersonville-Youngsville Central HS Trojans batting - Pitching for Temiskaming District Secondary School Saints : RHP Porter Fleming
Batting: RHB Glenn Brooks 0-0: Foul Ball, location: 2F
0-1: Ball
1-1: Ball
2-1: Swinging Strike
2-2: Ball
3-2: Strikes out swinging
Batting: LHB Ben Webb 0-0: Ball
1-0: Called Strike
1-1: Foul Ball, location: 2F
1-2: Foul Ball, location: 2F
1-2: Foul Ball, location: 2F
1-2: Foul Ball, location: 2F
1-2: Ball
2-2: Ball
3-2: Fly out, F6 (Popup, 6)
Batting: RHB Ben Bradley 0-0: Ball
1-0: Foul Ball, location: 2F
1-1: Called Strike
1-2: Strikes out swinging
Bottom of the 2nd over - 0 runs, 0 hits, 0 errors, 0 left on base; Temiskaming District Secondary School 0 - Jeffersonville-Youngsville Central HS 0
TOP OF THE 3RD
Temiskaming District Secondary School Saints batting - Pitching for Jeffersonville-Youngsville Central HS Trojans : RHP Russ Hammond
Batting: RHB Emílio Gómez 0-0: Ball
1-0: Ball
2-0: Ball
3-0: Base on Balls
Batting: LHB Kevin McGee 0-0: Ball
1-0: Ball
2-0: Ball
3-0: Swinging Strike
3-1: Foul Ball, location: 2F
3-2: Foul Ball, location: 2F
3-2: Strikes out swinging
Batting: RHB José Icaza 0-0: Ball
1-0: Called Strike
1-1: SINGLE (Groundball, 56) (infield hit)
Emílio Gómez to second
Batting: LHB Juan Esparza 0-0: Called Strike
0-1: Swinging Strike
0-2: Foul Ball, location: 2F
0-2: Strikes out swinging
Batting: RHB Hilton Knowles 0-0: Ball
1-0: Ball
2-0: Ball
3-0: Called Strike
3-1: Foul Ball, location: 2F
3-2: SINGLE (Flyball, 89M)
Emílio Gómez to third
José Icaza to second
Emílio Gómez scores
José Icaza to third
Batting: LHB Leonardo Torres 0-0: Foul Ball, location: 2F
0-1: Ball
1-1: Ball
2-1: Called Strike
2-2: Ball
3-2: SINGLE (Groundball, 4MD)
José Icaza scores
Hilton Knowles to second
Hilton Knowles to third
Batting: LHB Carson Dickinson 0-0: Ball
1-0: Fly out, F8 (Flyball, 8LXD)
Top of the 3rd over - 2 runs, 3 hits, 0 errors, 2 left on base; Temiskaming District Secondary School 2 - Jeffersonville-Youngsville Central HS 0
BOTTOM OF THE 3RD
Jeffersonville-Youngsville Central HS Trojans batting - Pitching for Temiskaming District Secondary School Saints : RHP Porter Fleming
Batting: LHB Ed Williams 0-0: Ball
1-0: DOUBLE (Line Drive, 78D)
Batting: LHB Steve Parker 0-0: Ball
1-0: Swinging Strike
1-1: Ball
2-1: Ball
3-1: Base on Balls
Batting: RHB Duane Bradley 0-0: Called Strike
0-1: Foul Ball, location: 2F
0-2: Strikes out looking
Batting: RHB José Rocha 0-0: Ball
1-0: Called Strike
1-1: Swinging Strike
1-2: Ball
2-2: Strikes out swinging
Batting: LHB Tomás Mata 0-0: Called Strike
0-1: Ground out 6-3 (Groundball, 56D)
Bottom of the 3rd over - 0 runs, 1 hit, 0 errors, 2 left on base; Temiskaming District Secondary School 2 - Jeffersonville-Youngsville Central HS 0
TOP OF THE 4TH
Temiskaming District Secondary School Saints batting - Pitching for Jeffersonville-Youngsville Central HS Trojans : RHP Russ Hammond
Batting: RHB Louis-Joseph Perrier 0-0: Ball
1-0: Reached on error, E5 (Groundball, 56)
Pitching: RHP Jerry Billings
Batting: RHB Scott Roberts 0-0: Foul Ball, location: 2F
0-1: SINGLE (Line Drive, 34)
Louis-Joseph Perrier to second
Batting: RHB Emílio Gómez 0-0: Foul Ball, location: 2F
0-1: Foul Ball, location: 2F
0-2: Ball
1-2: Ball
2-2: Strikes out looking
Batting: LHB Kevin McGee 0-0: Called Strike
0-1: Called Strike
0-2: Ball
1-2: Strikes out swinging
Batting: RHB José Icaza 0-0: Swinging Strike
0-1: Called Strike
0-2: Ball
1-2: Strikes out swinging
Top of the 4th over - 0 runs, 1 hit, 1 error, 2 left on base; Temiskaming District Secondary School 2 - Jeffersonville-Youngsville Central HS 0
BOTTOM OF THE 4TH
Jeffersonville-Youngsville Central HS Trojans batting - Pitching for Temiskaming District Secondary School Saints : RHP Porter Fleming
Batting: LHB Tony Chávez 0-0: Foul Ball, location: 2F
0-1: Swinging Strike
0-2: Ball
1-2: Ball
2-2: Strikes out swinging
Batting: RHB Glenn Brooks 0-0: Foul Ball, location: 2F
0-1: Ball
1-1: Ground out 1-3 (Groundball, 13)
Batting: LHB Ben Webb 0-0: Fly out, F3 (Popup, 34S)
Bottom of the 4th over - 0 runs, 0 hits, 0 errors, 0 left on base; Temiskaming District Secondary School 2 - Jeffersonville-Youngsville Central HS 0
TOP OF THE 5TH
Temiskaming District Secondary School Saints batting - Pitching for Jeffersonville-Youngsville Central HS Trojans : RHP Jerry Billings
Batting: LHB Juan Esparza 0-0: Ball
1-0: Ball
2-0: Foul Ball, location: 2F
2-1: Ball
3-1: Base on Balls
Batting: RHB Hilton Knowles 0-0: Called Strike
0-1: Foul Ball, location: 2F
0-2: Foul Ball, location: 2F
0-2: Ball
1-2: Foul Ball, location: 2F
1-2: Foul Ball, location: 2F
1-2: Ball
2-2: Fly out, F7 (Flyball, 78S)
Batting: LHB Leonardo Torres 0-0: Called Strike
0-1: Ball
1-1: Ball
2-1: Foul Ball, location: 2F
2-2: Strikes out swinging
Batting: LHB Carson Dickinson 0-0: Ball
1-0: Ball
2-0: Foul Ball, location: 2F
2-1: Swinging Strike
2-2: SINGLE (Flyball, 9S)
Juan Esparza to second
Runner from 2nd tries for 3rd, SAFE, no throw
Batting: RHB Louis-Joseph Perrier 0-0: Ball
1-0: Called Strike
1-1: Foul Ball, location: 2F
1-2: Foul Ball, location: 2F
1-2: Strikes out swinging
Top of the 5th over - 0 runs, 1 hit, 0 errors, 2 left on base; Temiskaming District Secondary School 2 - Jeffersonville-Youngsville Central HS 0
BOTTOM OF THE 5TH
Jeffersonville-Youngsville Central HS Trojans batting - Pitching for Temiskaming District Secondary School Saints : RHP Porter Fleming
Batting: RHB Ben Bradley 0-0: Called Strike
0-1: Foul Ball, location: 2F
0-2: Ball
1-2: Ball
2-2: Strikes out swinging
Batting: LHB Ed Williams 0-0: Fly out, F4 (Flyball, 34D)
Batting: LHB Steve Parker 0-0: Ball
1-0: Ball
2-0: Ball
3-0: Foul Ball, location: 2F
3-1: Swinging Strike
3-2: SINGLE (Groundball, 4MD)
Batting: RHB Duane Bradley 0-0: Ball
1-0: Hit by Pitch
Steve Parker to second
Batting: RHB José Rocha 0-0: Called Strike
0-1: Ball
1-1: Ball
2-1: Foul Ball, location: 2F
2-2: Reached on error, E4 (Groundball, 4M)
Steve Parker to third
Duane Bradley to second
Batting: LHB Tomás Mata 0-0: Ball
1-0: Fielders Choice at 2nd, 6-4 (Groundball, 6)
Bottom of the 5th over - 0 runs, 1 hit, 1 error, 3 left on base; Temiskaming District Secondary School 2 - Jeffersonville-Youngsville Central HS 0
TOP OF THE 6TH
Temiskaming District Secondary School Saints batting - Pitching for Jeffersonville-Youngsville Central HS Trojans : RHP Jerry Billings
Batting: RHB Scott Roberts 0-0: Called Strike
0-1: SINGLE (Line Drive, 34)
Batting: RHB Emílio Gómez 0-0: Called Strike
0-1: Foul Ball, location: 2F
0-2: Ball
1-2: Foul Ball, location: 2F
1-2: Foul Ball, location: 2F
1-2: Strikes out swinging
Batting: LHB Kevin McGee 0-0: Called Strike
Scott Roberts steals 2nd base
0-1: Ball
Scott Roberts is caught stealing 3rd base
1-1: Foul Ball, location: 2F
1-2: Strikes out swinging, 2-3 out at first.
Top of the 6th over - 0 runs, 1 hit, 0 errors, 0 left on base; Temiskaming District Secondary School 2 - Jeffersonville-Youngsville Central HS 0
BOTTOM OF THE 6TH
Jeffersonville-Youngsville Central HS Trojans batting - Pitching for Temiskaming District Secondary School Saints : RHP Porter Fleming
Batting: LHB Tony Chávez 0-0: Called Strike
0-1: Ball
1-1: Ball
2-1: Foul Ball, location: 2F
2-2: Foul Ball, location: 2F
2-2: SOLO HOME RUN (Flyball, 9LD), Distance : 352 ft
Pitching: LHP Guillermo Silva
Batting: RHB Glenn Brooks 0-0: TRIPLE (Flyball, 78XD)
Batting: LHB Ben Webb 0-0: Ball
1-0: Ball
2-0: Fly out, F9 (Flyball, 89M)
Runner from 3rd tags up, SCORES, throw made
Batting: RHB Ben Bradley 0-0: Called Strike
0-1: Ball
1-1: Ball
2-1: Foul Ball, location: 2F
2-2: Ball
3-2: Base on Balls
Batting: LHB Ed Williams 0-0: Called Strike
0-1: SINGLE (Line Drive, 4MD)
Ben Bradley to second
Batting: LHB Steve Parker 0-0: Called Strike
0-1: Foul Ball, location: 2F
0-2: Ball
1-2: Ball
2-2: Strikes out swinging
Batting: RHB Duane Bradley 0-0: Ball
1-0: SINGLE (Groundball, 34D)
Ben Bradley to third
Ed Williams to second
Runner from 3rd tries for Home, throw and OUT!
Bottom of the 6th over - 2 runs, 4 hits, 0 errors, 2 left on base; Temiskaming District Secondary School 2 - Jeffersonville-Youngsville Central HS 2
TOP OF THE 7TH
Temiskaming District Secondary School Saints batting - Pitching for Jeffersonville-Youngsville Central HS Trojans : RHP Jerry Billings
Batting: RHB José Icaza 0-0: Swinging Strike
0-1: Ball
1-1: Swinging Strike
1-2: SINGLE (Line Drive, 6)
Pitching: RHP Johnny Outram
Batting: LHB Juan Esparza 0-0: Fly out, F9 (Flyball, 89D)
Batting: RHB Hilton Knowles 0-0: Called Strike
0-1: Grounds into double play, 4-6-3 (Groundball, 4M)
Top of the 7th over - 0 runs, 1 hit, 0 errors, 0 left on base; Temiskaming District Secondary School 2 - Jeffersonville-Youngsville Central HS 2
BOTTOM OF THE 7TH
Jeffersonville-Youngsville Central HS Trojans batting - Pitching for Temiskaming District Secondary School Saints : LHP Guillermo Silva
Batting: RHB José Rocha 0-0: Ball
1-0: Swinging Strike
1-1: Ball
2-1: Called Strike
2-2: Ball
3-2: Ground out U3 (Groundball, 34S)
Batting: LHB Tomás Mata 0-0: Ball
1-0: Ground out U3 (Groundball, 34S)
Batting: LHB Tony Chávez 0-0: Ball
1-0: SINGLE (Line Drive, 8LS)
Batting: RHB Glenn Brooks 0-0: Called Strike
0-1: Ball
1-1: SINGLE (Flyball, 34D)
Tony Chávez to second
Runner from 2nd tries for 3rd, SAFE, throw made to third
Pinch Hitting: RHB Steve Mitchell 0-0: Ball
1-0: Foul Ball, location: 2F
1-1: SINGLE (Groundball, 6MD)
Tony Chávez scores
Glenn Brooks to second
Runner from 2nd tries for 3rd, SAFE, no throw
Batting: RHB Ben Bradley 0-0: Called Strike
0-1: SINGLE (Line Drive, 6M)
Glenn Brooks scores
Steve Mitchell to second
Batting: LHB Ed Williams 0-0: Ball
1-0: Ball
2-0: Swinging Strike
2-1: SINGLE (Groundball, 56) (infield hit)
Steve Mitchell to third
Ben Bradley to second
Batting: LHB Steve Parker 0-0: Swinging Strike
0-1: Ball
1-1: Ball
2-1: Foul Ball, location: 2F
2-2: SINGLE (Groundball, 34D)
Steve Mitchell scores
Ben Bradley to third
Ed Williams to second
Runner from 3rd tries for Home, SAFE, no throw
Pitching: LHP Jaime Meléndez
Batting: RHB Duane Bradley 0-0: Ball
1-0: Called Strike
1-1: Ball
Wild Pitch!
Ed Williams to third
Steve Parker to second
2-1: Foul Ball, location: 2F
2-2: Foul Ball, location: 2F
2-2: Ball
3-2: Strikes out swinging
Bottom of the 7th over - 4 runs, 6 hits, 0 errors, 2 left on base; Temiskaming District Secondary School 2 - Jeffersonville-Youngsville Central HS 6
TOP OF THE 8TH
Temiskaming District Secondary School Saints batting - Pitching for Jeffersonville-Youngsville Central HS Trojans : RHP Johnny Outram
Now in LF: Jack Slater
Batting: LHB Leonardo Torres 0-0: Swinging Strike
0-1: Called Strike
0-2: Ball
1-2: Ball
2-2: Ground out 5-3 (Groundball, 5)
Batting: LHB Carson Dickinson 0-0: Foul Ball, location: 2F
0-1: Called Strike
0-2: SINGLE (Flyball, 9S)
Batting: RHB Louis-Joseph Perrier 0-0: Ball
1-0: Ball
2-0: Ball
3-0: Base on Balls
Carson Dickinson to second
Pitching: LHP Brett Wakeley
Batting: RHB Scott Roberts 0-0: Ball
1-0: DOUBLE (Flyball, 8RD)
Carson Dickinson scores
Louis-Joseph Perrier to third
Batting: RHB Emílio Gómez 0-0: Called Strike
0-1: Ball
1-1: Ball
2-1: Ball
3-1: Base on Balls
Batting: LHB Kevin McGee 0-0: Ball
1-0: Ball
2-0: Ball
3-0: Called Strike
3-1: Foul Ball, location: 2F
3-2: SINGLE (Groundball, 34D)
Louis-Joseph Perrier scores
Scott Roberts to third
Emílio Gómez to second
Runner from 3rd tries for Home, SAFE, throw made home
Batting: RHB José Icaza 0-0: Ball
1-0: Called Strike
1-1: Swinging Strike
1-2: Ball
2-2: Ball
3-2: Foul Ball, location: 2F
3-2: Base on Balls
Emílio Gómez to third
Kevin McGee to second
Batting: LHB Juan Esparza 0-0: Foul Ball, location: 2F
0-1: Ball
1-1: Grounds into fielders choice 6-2 (Groundball, 6MS)
Kevin McGee to third
José Icaza to second
Batting: RHB Hilton Knowles 0-0: Called Strike
0-1: Ball
1-1: Foul Ball, location: 2F
1-2: Ball
2-2: Ball
3-2: Strikes out looking
Top of the 8th over - 3 runs, 3 hits, 0 errors, 3 left on base; Temiskaming District Secondary School 5 - Jeffersonville-Youngsville Central HS 6
BOTTOM OF THE 8TH
Jeffersonville-Youngsville Central HS Trojans batting - Pitching for Temiskaming District Secondary School Saints : LHP Jaime Meléndez
Batting: RHB José Rocha 0-0: Ball
1-0: Ball
2-0: Called Strike
2-1: SINGLE (Line Drive, 34D)
Batting: LHB Tomás Mata 0-0: Sac Bunt - play at first, batter OUT! 5-4
José Rocha to second
Batting: LHB Tony Chávez 0-0: Ball
1-0: Ball
2-0: Foul Ball, location: 2F
2-1: SINGLE (Groundball, 6) (infield hit)
José Rocha to third
Batting: RHB Glenn Brooks 0-0: Ball
1-0: Called Strike
1-1: Foul Ball, location: 2F
1-2: Strikes out swinging
Batting: RHB Jack Slater 0-0: Called Strike
0-1: Ball
1-1: Ball
2-1: Ball
3-1: Base on Balls
Tony Chávez to second
Batting: RHB Ben Bradley 0-0: Ball
1-0: Ball
2-0: Ball
3-0: Called Strike
3-1: Called Strike
3-2: Strikes out looking
Bottom of the 8th over - 0 runs, 2 hits, 0 errors, 3 left on base; Temiskaming District Secondary School 5 - Jeffersonville-Youngsville Central HS 6
TOP OF THE 9TH
Temiskaming District Secondary School Saints batting - Pitching for Jeffersonville-Youngsville Central HS Trojans : LHP Brett Wakeley
Now at C: Robbie Harris
Batting: LHB Leonardo Torres 0-0: Called Strike
0-1: Called Strike
0-2: Ball
1-2: SINGLE (Groundball, 6MD)
Pinch Hitting: RHB Ramón Cabrera 0-0: Ball
1-0: Called Strike
1-1: Foul Ball, location: 2F
1-2: Ball
2-2: Foul Ball, location: 2F
2-2: Foul Ball, location: 2F
2-2: SINGLE (Line Drive, 9S)
Leonardo Torres to second
Batting: RHB Louis-Joseph Perrier 0-0: Ball
1-0: Bunted foul
1-1: Sac Bunt - play at third, runner OUT! 3-5
Ramón Cabrera to second
Batting: RHB Scott Roberts 0-0: Ball
1-0: Ball
2-0: Foul Ball, location: 2F
2-1: Swinging Strike
2-2: Fly out, F8 (Flyball, 89D)
Batting: RHB Emílio Gómez 0-0: Ball
1-0: Foul Ball, location: 2F
1-1: Ball
2-1: Called Strike
2-2: Ball
3-2: Foul Ball, location: 2F
3-2: Strikes out swinging
Top of the 9th over - 0 runs, 2 hits, 0 errors, 2 left on base; Temiskaming District Secondary School 5 - Jeffersonville-Youngsville Central HS 6
Saturday, December 16th, 2017 - OOTP Baseball 18.8 Build 76